 Dungeon Crawl Stone Soup version 0.29-a0-323-g050149af67 (webtiles) character file.

Game seed: 17698061640436861910

103 Jortsu the Skirmisher (level 4, -3/35 HPs)
             Began as a Demonspawn Fighter on Apr 12, 2022.
             Was an Initiate of Yredelemnul.
             Killed from afar by Natasha (6 damage)
             ... with a puff of flame
             ... on level 2 of the Dungeon.
             The game lasted 00:02:36 (1799 turns).

Jortsu the Skirmisher (Demonspawn Fighter)          Turns: 1799, Time: 00:02:36

Health: -3/35      AC: 15    Str: 18    XL:     4   Next: 51%
Magic:  4/4        EV:  7    Int: 10    God:    Yredelemnul [......]
Gold:   44         SH:  9    Dex: 12    Spells: 3/3 levels left

rFire   . . .      SeeInvis .   a - +0 war axe
rCold   . . .      Faith    .   c - +0 buckler
rNeg    + . .      Spirit   .   k - +2 chain mail {rN+}
rPois   .          Reflect  +   g - +0 helmet
rElec   .          Harm     .   (no cloak)
rCorr   .          Rampage  .   (no gloves)
Will    .....                   b - +2 pair of boots
Stlth   ..........              i - amulet of reflection
HPRegen 0.11/turn               (no ring)
MPRegen 0.09/turn               (no ring)

@: slowed, very slow
A: claws 1, hooves 1, powered by death 1
a: Renounce Religion, Recall Undead Harvest


You were on level 2 of the Dungeon.
You worshipped Yredelemnul.
Yredelemnul was noncommittal.
You visited 1 branch of the dungeon, and saw 2 of its levels.

You collected 44 gold pieces.

Inventory:

Hand Weapons
 a - a +0 war axe (weapon)
Armour
 b - a +2 pair of boots (worn)
 c - a +0 buckler (worn)
 g - a +0 helmet (worn)
 k - a +2 chain mail of positive energy (worn)
Jewellery
 i - an amulet of reflection (around neck)
Scrolls
 e - 2 scrolls of immolation
 f - a scroll of identify
 j - a scroll of enchant weapon {unknown}
 l - a scroll of holy word {unknown}
 m - a scroll of fear {unknown}
 o - a scroll of blinking {unknown}
Potions
 d - a potion of might
 h - 2 potions of haste {unknown}
 n - a potion of brilliance {unknown}


   Skills:
 + Level 3.4 Fighting
 + Level 3.0 Axes
 + Level 3.1 Armour
 + Level 1.0 Dodging
 + Level 3.2 Shields


You had 3 spell levels left.
You didn't know any spells.
Your spell library contained the following spells:

 Spells                   Type           Power      Damage    Failure   Level
 Beastly Appendage        Tmut           0%         N/A       100%        1
 Wereblood                Tmut           0%         N/A       100%        2
 Spider Form              Tmut/Pois      0%         N/A       100%        3


Dungeon Overview and Level Annotations

Branches:
Dungeon (2/15)

Altars:
Yredelemnul

Shops:
D:1 *

Annotations:
D:2 Natasha


Innate Abilities, Weirdness & Mutations

You have sharp fingernails.
You have large cloven feet.
You regenerate a little health from kills.


Message History

The shadow imp hits you but does no damage.
You hit Natasha but do no damage.
Natasha is heavily wounded.
You closely miss the shadow imp. You hit the shadow imp.
Your adder zombie closely misses the shadow imp.
Your adder zombie bites the shadow imp but does no damage.
Natasha closely misses you.
The shadow imp hits you but does no damage.
The shadow imp gestures at you. Pain shoots through your body!
Your adder zombie barely misses the shadow imp.
Your adder zombie closely misses the shadow imp.
Natasha zaps a wand.
The puff of flame hits you!
* * * LOW HITPOINT WARNING * * *
You block the shadow imp's attack.
The shadow imp shouts, "Begone, thou euchred flap-mouthed joithead!"
The shadow imp hits you but does no damage.
You hit Natasha.
Natasha is heavily wounded.
You hit the shadow imp but do no damage.
You slash the shadow imp!
You kill the shadow imp!
The shadow imp disappears in a puff of smoke!
You closely miss the crimson imp.
Your adder zombie bites the shadow imp.
Your adder zombie closely misses the shadow imp.
Natasha casts a spell.
The crimson imp blinks!
The shadow imp gestures at you. Pain shoots through your body!
* * * LOW HITPOINT WARNING * * *
Your adder zombie bites the shadow imp.
The shadow imp dies!
The shadow imp disappears in a puff of smoke!
Natasha claws you but does no damage.
You hit Natasha.
Natasha is almost dead.
Your adder zombie barely misses Natasha.
Natasha zaps a wand.
The puff of flame hits you.
You die...
Your body rises from the dead as a mindless zombie.

..#.........########.............
..#................'....)........
..#.......)........#.............
...................#............Z
..######...........#............Z
..Z.......>#.......#........##.##
..###......'.......###########...
..# #Z...#.#.5.h§..### #..# ..#
#....#.#...Z@....# ##.# ..#
#....#.#...Z.....# #.# ###
#Z...#<#....5....# #..
###'#####.........# #..
#...........#.....# ##Z
#.#.#######.#.....# #.
#.#.......[.....### ##
#Z#.............# #
####.#.............# #


You could see Natasha (ally target), 2 crimson imps and 2 friendly adder
zombies.

Vanquished Creatures
  Natasha (twice) (D:2)
  2 adders (D:2)
  A dart slug (D:2)
  6 ball pythons
  2 bats
  An endoplasm (D:2)
  2 giant cockroaches
  3 goblins
  2 hobgoblins
  4 jackals (D:1)
  A quokka (D:2)
  2 kobolds (D:2)
  A rat (D:2)
29 creatures vanquished.

Vanquished Creatures (collateral kills)
  A giant cockroach (D:2)
  A bat (D:2)
  A frilled lizard (D:2)
3 creatures vanquished.

Vanquished Creatures (others)
  A felid zombie (D:2)
  An adder zombie (D:2)
  A bat zombie (D:2)
  An endoplasm (D:2)
  A ball python zombie (D:2)
  A dart slug zombie (D:2)
  2 goblin zombies (D:2)
  A jackal zombie (D:2)
9 creatures vanquished.

Grand Total: 41 creatures vanquished

Notes
Turn   | Place    | Note
-------+----------+-------------------------------------------
     0 | D:1      | Jortsu the Demonspawn Fighter began the quest for the Orb.
     0 | D:1      | Reached XP level 1. HP: 18/18 MP: 1/1
   441 | D:1      | Discovered your monstrous ancestry.
   441 | D:1      | Gained mutation: You have sharp fingernails. [demonic
                  | ancestry]
   441 | D:1      | Reached XP level 2. HP: 20/24 MP: 2/2
   647 | D:1      | Found Ulivust's Assorted Antiques.
   955 | D:2      | Gained mutation: You regenerate a little health from kills.
                  | [demonic ancestry]
   955 | D:2      | Reached XP level 3. HP: 6/29 MP: 3/3
  1221 | D:2      | Found a faded altar of an unknown god.
  1228 | D:2      | Prayed at the altar of an unknown god.
  1228 | D:2      | Became a worshipper of Yredelemnul the Dark
  1228 | D:2      | Reached * piety under Yredelemnul
  1678 | D:2      | Reached ** piety under Yredelemnul
  1694 | D:2      | Noticed Natasha
  1700 | D:2      | Killed Natasha
  1701 | D:2      | Gained mutation: You have large cloven feet. [demonic
                  | ancestry]
  1701 | D:2      | Reached XP level 4. HP: 34/35 MP: 4/4
  1723 | D:2      | Noticed Natasha
  1728 | D:2      | Your ally Natasha died
  1729 | D:2      | Killed Natasha
  1730 | D:2      | Reached skill level 1 in Dodging
  1789 | D:2      | Noticed Natasha
  1799 | D:2      | Killed from afar by Natasha

Illustrated notes

Levels and vault maps discovered:
D:1:      wheals_arrival_linesprint, layout_loops_ring, serial_shops, shop
D:2:      layout_basic, nicolae_ecumenical_snake_handling, uniq_natasha

Skill      XL: |  1  2  3  4 |
---------------+-------------+-----
Shields        | 3 |  3.2
Axes           | 2 3 |  3.0
Armour         | 3 |  3.1
Dodging        | 1 |  1.0
Fighting       | |  3.4

Action                   |  1- 3 |  4- 6 || total
-------------------------+-------+-------++-------
Melee: War axe           |    88 |     7 ||    95
  Use: Scroll            |     2 |       ||     2
Armor: Scale mail        |    49 |       ||    49
       Chain mail        |    10 |     7 ||    17
Dodge: Dodged            |    43 |     3 ||    46
Block: Buckler           |    39 |     7 ||    46
       Reflection        |     2 |       ||     2

Table legend: (Time is in decaauts)
 A = Elapsed time spent in this place.
 B = Non-inter-level travel time spent in this place.
 C = Inter-level travel time spent in this place.
 D = Time resting spent in this place.
 E = Time spent auto-exploring this place.
 F = Levels seen in this place.
 G = Mean time per level.
                   A        B        C        D        E       F      G
               +--------+--------+--------+--------+--------+-----+--------+
         Total |   1843 |   1787 |     56 |    250 |   1168 |   2 |  921.5 |
       Dungeon |   1843 |   1787 |     56 |    250 |   1168 |   2 |  921.5 |
               +--------+--------+--------+--------+--------+-----+--------+

Top non-repeatable levels by time:
     D:1: 936 daAuts
     D:2: 907 daAuts
